 Dungeon Crawl Stone Soup version 0.23-a0-396-g5214e5f (webtiles) character file.

4379 galech the Cleaver (level 10, -10/76 HPs)
             Began as a Demonspawn Fighter on Nov 2, 2018.
             Was a Believer of Okawaru.
             Mangled by a skeletal warrior
             ... wielding a +0 battleaxe
             ... led by a skeletal warrior
              (23 damage)
             ... on level 9 of the Dungeon.
             The game lasted 00:12:11 (8539 turns).

galech the Cleaver (Demonspawn Fighter)             Turns: 8539, Time: 00:12:12

Health: -10/76     AC: 10    Str: 23    XL:     10   Next: 13%
Magic:  0/9        EV: 17    Int: 13    God:    Okawaru [**....]
Gold:   477        SH: 13    Dex: 19    Spells: 9/9 levels left

rFire    x . .     SeeInvis +   D - +8 hand axe of Afonwey {antimagic, Int+4 Dex+4}
rCold    + + .     Gourm    .   L - +6 buckler of Instinct {rPois rF- rC++ SInv}
rNeg     + . .     Faith    .   A - +1 ring mail "Ymoc" {-Tele MP+9 Str+5 Stlth+}
rPois    +         Spirit   +   (no helmet)
rElec    .         Reflect  .   (no cloak)
rCorr    .         Harm     .   (no gloves)
MR       .....     NoTele   +   (no boots)
Stlth    ++++......             v - amulet of regeneration
HPRegen  0.62/turn              r - ring of positive energy
MPRegen  0.11/turn              I - ring of magical power

@: heroism
A: claws 2, yellow scales 1, powered by death 2, magic shield
a: Heroism, Renounce Religion


You were on level 9 of the Dungeon.
You worshipped Okawaru.
Okawaru was pleased with you.
You were not hungry.

You visited 2 branches of the dungeon, and saw 11 of its levels.

You collected 477 gold pieces.

Inventory:

Hand Weapons
 D - the +8 hand axe of Afonwey (weapon) {antimagic, Int+4 Dex+4}
   (You found it on level 8 of the Dungeon)

   It reduces the magical energy of the wielder, and disrupts the spells and
   magical abilities of those hit.
   Natural abilities and divine invocations are not affected.
   It affects your intelligence (+4).
   It affects your dexterity (+4).
Armour
 c - a +0 shield
 l - a +0 plate armour
 A - the +1 ring mail "Ymoc" (worn) {-Tele MP+9 Str+5 Stlth+}
   (You found it on level 7 of the Dungeon)

   It affects your strength (+5).
   It affects your magic capacity (+9).
   It prevents most forms of teleportation.
   It makes you more stealthy.
 H - +0 steam dragon scales
 L - the +6 buckler of Instinct (worn) {rPois rF- rC++ SInv}
   (You found it on level 9 of the Dungeon)

   It makes you vulnerable to fire.
   It greatly protects you from cold.
   It protects you from poison.
   It lets you see invisible.
Jewellery
 r - a ring of positive energy (left claw)
 v - an amulet of regeneration (around neck)
 I - a ring of magical power (right claw)
 J - an uncursed amulet of magic regeneration
Wands
 d - a wand of random effects (35)
 t - a wand of polymorph (5)
 y - a wand of enslavement (10)
 C - a wand of acid (8)
 M - a wand of disintegration (5)
Scrolls
 a - a scroll of fog {unknown}
 b - 3 scrolls of teleportation
 g - 3 scrolls of random uselessness
 i - 4 scrolls of remove curse
 n - 3 scrolls of amnesia
 o - a scroll of magic mapping
 p - 2 scrolls of enchant weapon
 q - a scroll of noise {unknown}
 s - 3 scrolls of fear {unknown}
 u - a scroll of blinking {unknown}
 x - a scroll of immolation {unknown}
 K - a scroll of enchant armour {unknown}
Potions
 e - 3 potions of lignification {unknown}
 h - 3 potions of curing {unknown}
 j - 3 potions of magic {unknown}
 k - a potion of cancellation {unknown}
 m - 2 potions of flight {unknown}
 w - a potion of mutation {unknown}
 z - 2 potions of brilliance {unknown}
 B - 2 potions of might
 E - a potion of berserk rage {unknown}
 G - a potion of agility {unknown}
Comestibles
 f - 18 rations
 F - 4 chunks of flesh


   Skills:
 + Level 5.9(10.9) Fighting
 + Level 9.2(14.2) Axes
 + Level 5.7(10.7) Armour
 + Level 3.2(8.2) Dodging
 + Level 2.8(7.8) Stealth
 + Level 6.3(11.3) Shields
 + Level 0.5(5.5) Unarmed Combat
 + Level 0.1 Invocations


You had 9 spell levels left.
You didn't know any spells.
Your spell library contained the following spells:

 Spells                   Type           Power        Failure   Level  Hunger
 Animate Skeleton         Necr           N/A          41%         1    ##.....
 Apportation              Tloc           #.....       41%         1    ##.....
 Confusing Touch          Hex            #.....       41%         1    ##.....
 Corona                   Hex            #......      41%         1    ##.....
 Infusion                 Chrm           #...         41%         1    ##.....
 Pain                     Necr           #...         41%         1    ##.....
 Summon Small Mammal      Summ           #...         41%         1    ##.....
 Call Imp                 Summ           #.......     54%         2    ###....
 Ensorcelled Hibernation  Hex/Ice        #.....       54%         2    ###....
 Shroud of Golubria       Chrm/Tloc      #.........   54%         2    ###....
 Song of Slaying          Chrm           #.......     54%         2    ###....
 Call Canine Familiar     Summ           #.......     78%         3    ####...
 Confuse                  Hex            #.......     78%         3    ####...
 Dazzling Spray           Conj/Hex       #.....       78%         3    ####...
 Regeneration             Chrm/Necr      #.........   78%         3    ####...
 Spectral Weapon          Hex/Chrm       #.......     78%         3    ####...
 Summon Guardian Golem    Hex/Summ       #.......     78%         3    ####...
 Tukima's Dance           Hex            #.......     78%         3    ####...
 Vampiric Draining        Necr           #.........   78%         3    ####...
 Animate Dead             Necr           N/A          99%         4    #####..
 Summon Ice Beast         Ice/Summ       #.......     99%         4    #####..
 Summon Lightning Spire   Summ/Air       #.......     99%         4    #####..


Dungeon Overview and Level Annotations

Branches:
Dungeon (10/15)            Temple (1/1) D:6            Lair (0/6) D:8
    Orc (0/2) D:10

Altars:
Ashenzari
Cheibriados
Dithmenos
Elyvilon
Fedhas
Gozag
Hepliaklqana
Kikubaaqudgha
Makhleb
Nemelex Xobeh
Okawaru
Qazlal
Ru
Sif Muna
Trog
Uskayaw
Vehumet
Wu Jian
Xom
Yredelemnul
Zin
The Shining One

Shops:
D:7 *   D:10 [(


Innate Abilities, Weirdness & Mutations

You have very sharp fingernails.
You are partially covered in yellow scales. (AC +2)
You regenerate health from kills.
When hurt, damage is shared between your health and your magic reserves.


Message History

The skeletal warrior hits you with a +0 battleaxe!
You hit the skeletal warrior.
The skeletal warrior is heavily damaged.
You hit the skeletal warrior.
The skeletal warrior is heavily damaged.
The skeletal warrior hits you with a +0 battleaxe!
* * * LOW HITPOINT WARNING * * *
You hit the skeletal warrior.
The skeletal warrior is severely damaged.
You slash the skeletal warrior!
The skeletal warrior is almost destroyed.
You slash the skeletal warrior!
The skeletal warrior is almost destroyed.
The skeletal warrior barely misses you.
You hit the skeletal warrior but do no damage.
The skeletal warrior is almost destroyed.
You hit the skeletal warrior but do no damage.
The skeletal warrior is almost destroyed.
The skeletal warrior hits you with a +0 battleaxe!!
You die...

..####.............# #.# #.#..
..# #.)...........####.# #.#..
### #..................# #.#..
####......#........#####.#.:
#...................#.#..
#................##.#.#<.
#...................#.#..
######...<...z...........#.###
#...........)@...........#.#
#...........#####'##.....#.#
#..............##.##.....#.#
#.............(##.##.....#.#
#.......#......##.##.....#.###
#.......#......##.#...........
#......(#......##.#.#....#.###
#.......#......##.#.###.....#<
#.......#......##...........#.


You could see a skeletal warrior.

Vanquished Creatures
  A troll (D:9)
  2 hippogriffs (D:9)
  A blink frog (shapeshifter) (D:9)
  A shadow (D:8)
  A steam dragon (D:8)
  2 ice beasts
  3 orc warriors
  A sky beast (D:7)
  2 phantoms
  2 centaurs
  A necrophage (D:8)
  An ogre (D:5)
  Blork the orc (D:5)
  4 bullfrogs
  2 water moccasin skeletons
  4 scorpions
  8 wights
  2 howler monkeys
  6 crimson imps
  A quasit (D:7)
  4 jellies
  3 orc priests (D:8)
  A bullfrog skeleton (D:5)
  2 hounds
  A centaur skeleton (D:5)
  Jessica (D:3)
  5 iguanas
  Natasha (thrice) (D:4)
  3 orc wizards
  5 worker ants
  A hound zombie (D:9)
  2 hound skeletons (D:5)
  4 gnolls (D:5)
  8 adders
  2 shadow imps
  An ooze (D:1)
  An adder skeleton (D:8)
  2 adder zombies
  3 worms
  2 dart slugs
  3 leopard geckos
  22 orcs
  A ball python (D:2)
  4 giant cockroaches
  9 goblins
  5 hobgoblins
  7 jackals
  5 kobolds
  3 quokkas
  5 bats
  3 frilled lizards
  4 rats
171 creatures vanquished.

Notes
Turn   | Place    | Note
-------+----------+-------------------------------------------
     0 | D:1      | galech the Demonspawn Fighter began the quest for the Orb.
     0 | D:1      | Reached XP level 1. HP: 18/18 MP: 1/1
   201 | D:1      | Reached skill level 2 in Axes
   201 | D:1      | Gained mutation: You have sharp fingernails. [demonic
                  | ancestry]
   201 | D:1      | Reached XP level 2. HP: 24/24 MP: 2/2
   973 | D:2      | Reached XP level 3. HP: 21/29 MP: 3/3
  1556 | D:3      | Reached XP level 4. HP: 26/35 MP: 4/4
  2098 | D:3      | Noticed Jessica
  2101 | D:3      | Killed Jessica
  2229 | D:3      | Found a sparkling altar of Nemelex Xobeh.
  2582 | D:4      | Reached skill level 3 in Axes
  2582 | D:4      | Gained mutation: When hurt, damage is shared between your
                  | health and your magic reserves. [demonic ancestry]
  2582 | D:4      | Reached XP level 5. HP: 29/41 MP: 5/5
  2921 | D:4      | Noticed Natasha
  2922 | D:4      | Found a shimmering altar of Xom.
  2933 | D:4      | Killed Natasha
  3095 | D:4      | Noticed Natasha
  3109 | D:4      | Killed Natasha
  3261 | D:4      | Noticed Natasha
  3275 | D:4      | Killed Natasha
  3275 | D:4      | Reached skill level 1 in Dodging
  3275 | D:4      | Gained mutation: You are partially covered in yellow
                  | scales. (AC +2) [demonic ancestry]
  3275 | D:4      | Reached XP level 6. HP: 14/47 MP: 3/6
  3537 | D:4      | Reached skill level 4 in Axes
  3823 | D:5      | Entered Level 5 of the Dungeon
  3824 | D:5      | Found a sacrificial altar of Ru.
  3872 | D:5      | Noticed Blork the orc
  4070 | D:5      | Killed Blork the orc
  4414 | D:5      | Reached XP level 7. HP: 49/53 MP: 7/7
  4518 | D:5      | Reached skill level 5 in Axes
  5114 | D:6      | Found a deep blue altar of Sif Muna.
  5178 | D:5      | Gained mutation: You regenerate a little health from kills.
                  | [demonic ancestry]
  5178 | D:5      | Reached XP level 8. HP: 53/60 MP: 6/8
  5327 | D:5      | Reached skill level 6 in Axes
  5404 | D:6      | Found a staircase to the Ecumenical Temple.
  5419 | Temple   | Entered the Ecumenical Temple
  5886 | D:6      | Reached skill level 5 in Shields
  5942 | D:6      | Found a sacrificial altar of Ru.
  6078 | D:7      | Got a translucent ring mail
  6089 | D:7      | Identified the cursed +1 ring mail "Ymoc" {-Tele MP+9 Str+5
                  | Stlth+} (You found it on level 7 of the Dungeon)
  6139 | D:7      | Reached skill level 5 in Armour
  6188 | D:7      | Reached skill level 7 in Axes
  6291 | D:7      | Reached skill level 1 in Stealth
  6326 | D:7      | Found Oqeitz's Assorted Antiques.
  6327 | D:7      | Got a pitted rapier
  6338 | D:7      | Gained mutation: You regenerate health from kills. [demonic
                  | ancestry]
  6338 | D:7      | Reached XP level 9. HP: 67/67 MP: 9/9
  6339 | D:7      | Identified the +6 rapier of Resourcefulness {drain, rElec}
                  | (You found it on level 7 of the Dungeon)
  6485 | D:7      | Found a shattered altar of Ashenzari.
  6616 | D:8      | Found a staircase to the Lair.
  6704 | D:8      | Reached skill level 5 in Fighting
  6924 | D:8      | Found an iron altar of Okawaru.
  6937 | D:8      | Became a worshipper of Warmaster Okawaru
  7070 | D:8      | Reached skill level 8 in Axes
  7209 | D:8      | Got a brightly glowing hand axe
  7210 | D:8      | Identified the +8 hand axe of Afonwey {antimagic, Int+4
                  | Dex+4} (You found it on level 8 of the Dungeon)
  7301 | D:8      | Found an iron altar of Okawaru.
  7810 | D:9      | Reached * piety under Okawaru
  7908 | D:9      | Got a shimmering buckler
  7919 | D:9      | Identified the +6 buckler of Instinct {rPois rF- rC++ SInv}
                  | (You found it on level 9 of the Dungeon)
  7939 | D:9      | Noticed a troll
  7953 | D:9      | Killed a troll
  8058 | D:9      | Reached ** piety under Okawaru
  8058 | D:9      | Reached skill level 9 in Axes
  8058 | D:9      | Gained mutation: You have very sharp fingernails. [demonic
                  | ancestry]
  8058 | D:9      | Reached XP level 10. HP: 59/76 MP: 7/10
  8499 | D:10     | Entered Level 10 of the Dungeon
  8499 | D:10     | Found Haodghad's Weapon Shoppe.
  8499 | D:10     | Found a staircase to the Orcish Mines.
  8499 | D:10     | Found Ehi Pos's Armour Shoppe.
  8499 | D:10     | Noticed a skeletal warrior
  8499 | D:10     | Noticed a skeletal warrior
  8499 | D:10     | Noticed a skeletal warrior
  8539 | D:9      | Mangled by a skeletal warrior

Vault maps used:
D:1:      dpeg_arrival_rooms_c, minmay_tripent
D:2:      cheibrodos_helix_gallery, minmay_misc_feat_five
D:3:      lemuel_coloured_pillars_altar, uniq_jessica
D:4:      xom_butterflies, first_ration, due_unseen_surprise, uniq_natasha
D:5:      nicolae_ru_sacrificial_ziggurat, uniq_blork_the_orc
D:6:      marbit_many_paths, nicolae_overflow_crystal_walls,
          minmay_temple_entry_glassed_door
D:7:      lemuel_crystal_altar, serial_shops, shop
D:8:      minmay_bloctagon_deflated, okawaru_metal_pillars_1_2,
          lair_entry_dummy, david_defended_altar_orc
D:10:     orc_david_3, hangedman_ranch
Temple:   nicolae_temple_elliptical

Skill      XL: |  1  2  3  4  5  6  7  8  9 |
---------------+----------------------------+-----
Axes           | 2 3 4 5 7 9 |  9.2
Armour         | 3 4 5 |  5.7
Shields        | 3 4 5 6 |  6.3
Dodging        | 1 2 3 |  3.2
Fighting       | 4 5 |  5.9
Stealth        | 1 2 |  2.8
Unarmed Combat | |  0.5
Invocations    | |  0.1

Action                   |  1- 3 |  4- 6 |  7- 9 | 10-12 || total
-------------------------+-------+-------+-------+-------++-------
Melee: War axe           |    90 |   167 |   276 |       ||   533
       Unarmed           |       |       |    21 |       ||    21
       Hand axe          |       |       |   119 |    48 ||   167
Invok: Heroism           |       |       |     1 |     1 ||     2
  Use: Potion            |       |     1 |     1 |       ||     2
       Scroll            |       |       |     8 |       ||     8
 Stab: Confused          |       |       |     2 |       ||     2
       Sleeping          |       |       |     5 |     1 ||     6
  Eat: Chunk             |     2 |     9 |    13 |     1 ||    25
Armor: Scale mail        |    24 |       |       |       ||    24
       Plate armour      |    12 |       |   107 |       ||   119
       Ring mail         |     4 |    58 |    79 |     7 ||   148
Dodge: Dodged            |    27 |    77 |   125 |    13 ||   242
Block: Shield            |    49 |    80 |   206 |       ||   335
       Buckler           |       |       |    24 |    16 ||    40

Table legend:
 A = Non-vault XP
 B = Vault XP
 C = Vault XP percentage of total XP
 D = Non-vault monster count
 E = Vault monster count
 F = Vault count percentage of total count
                 A         B        C        D         E       F
            +---------+---------+-------+---------+---------+-------
      Total |    5594 |     662 |  10.6 |     155 |      16 |   9.4
            +---------+---------+-------+---------+---------+-------
        D:1 |      34 |       3 |   8.1 |      16 |       2 |  11.1
        D:2 |      28 |       7 |  20.0 |       8 |       2 |  20.0
        D:3 |      57 |      37 |  39.4 |      14 |       1 |   6.7
        D:4 |     267 |      35 |  11.6 |      16 |       1 |   5.9
        D:5 |     972 |      96 |   9.0 |      27 |       1 |   3.6
        D:6 |     556 |       2 |   0.4 |      18 |       1 |   5.3
        D:7 |     741 |       0 |   0.0 |      17 |       0 |   0.0
        D:8 |    1303 |     353 |  21.3 |      20 |       7 |  25.9
        D:9 |    1636 |     129 |   7.3 |      19 |       1 |   5.0
            +---------+---------+-------+---------+---------+-------
